| TOP OF THE 1ST |
|
Mahoning Valley Scrappers batting - Pitching for Staten Island Yankees : RHP Nick Peters
|
|
Pitching: RHP Nick Peters
|
|
|
Batting: RHB Leo Candelas
|
0-0: Fly out, F8 (Flyball, 89M, EV 81.9 MPH)
|
|
Batting: RHB Jose Argueta
|
0-0: Foul Ball, location: 2F 0-1: Called Strike 0-2: Ball 1-2: Ball 2-2: Ball 3-2: Base on Balls
|
|
Batting: RHB John Shaffer
|
0-0: Fielders Choice at 2nd, 4-6 (Groundball, 34, EV 105.6 MPH)
|
|
Batting: LHB Dave Key
|
0-0: Ball 1-0: Foul Ball, location: 2F 1-1: Ground out 5-3 (Groundball, 15, EV 85.6 MPH)
|
| Top of the 1st over - 0 runs, 0 hits, 0 errors, 1 left on base; Mahoning Valley 0 - Staten Island 0 |
| BOTTOM OF THE 1ST |
|
Staten Island Yankees batting - Pitching for Mahoning Valley Scrappers : RHP Steven Costanza
|
|
Pitching: RHP Steven Costanza
|
|
|
Batting: RHB Norimoto Miyanishi
|
0-0: Ball 1-0: Fly out, F8 (Flyball, 8LD, EV 95.6 MPH)
|
|
Batting: LHB Dario Segura
|
0-0: Foul Ball, location: 2F 0-1: SINGLE (Flyball, 78S, EV 91.9 MPH)
|
|
Batting: RHB Pat Pemberton
|
0-0: SINGLE (Groundball, 34D, EV 101.9 MPH) Dario Segura to second Runner from 2nd tries for 3rd, SAFE, no throw by RF
|
|
Batting: SHB Tadaaki Kondo
|
0-0: Called Strike 0-1: Fly out, F7 (Flyball, 7LM, EV 104.4 MPH) Runner from 3rd tags up, SCORES, throw by LF
|
|
Batting: LHB Mike Schermerhorn
|
0-0: Called Strike 0-1: Swinging Strike 0-2: Ball 1-2: Foul Ball, location: 2F 1-2: Strikes out swinging
|
| Bottom of the 1st over - 1 run, 2 hits, 0 errors, 1 left on base; Mahoning Valley 0 - Staten Island 1 |
| TOP OF THE 2ND |
|
Mahoning Valley Scrappers batting - Pitching for Staten Island Yankees : RHP Nick Peters
|
|
Batting: RHB Eric Kuck
|
0-0: Called Strike 0-1: Ball 1-1: Foul Ball, location: 2F 1-2: Ball 2-2: Foul Ball, location: 2F 2-2: Ball 3-2: DOUBLE (Flyball, 89D, EV 108.8 MPH)
|
|
Batting: RHB Ricky Cordova
|
0-0: Foul Ball, location: 2F 0-1: Fly out, F8 (Flyball, 89S, EV 88.1 MPH)
|
|
Batting: RHB Jonathan Livingston
|
0-0: Ball 1-0: Foul Ball, location: 2F 1-1: Fly out, F6 (Popup, P, EV 85.0 MPH)
|
|
Batting: RHB Aaron Stout
|
0-0: DOUBLE (Flyball, 8LD, EV 93.1 MPH) Eric Kuck scores
|
|
Batting: RHB Juan Ordonez
|
0-0: Ball 1-0: Foul Ball, location: 2F 1-1: Ball 2-1: Ball 3-1: Base on Balls
|
|
Batting: RHB Leo Candelas
|
0-0: Ball 1-0: Swinging Strike 1-1: Swinging Strike 1-2: Foul Ball, location: 2F 1-2: Ball 2-2: Foul Ball, location: 2F 2-2: Strikes out swinging
|
| Top of the 2nd over - 1 run, 2 hits, 0 errors, 2 left on base; Mahoning Valley 1 - Staten Island 1 |
| BOTTOM OF THE 2ND |
|
Staten Island Yankees batting - Pitching for Mahoning Valley Scrappers : RHP Steven Costanza
|
|
Batting: RHB Brad Wren
|
0-0: Ground out 6-3 (Groundball, 6M, EV 88.8 MPH)
|
|
Batting: RHB Edite Leoni
|
0-0: Called Strike 0-1: Foul Ball, location: 2F 0-2: Foul Ball, location: 2F 0-2: Strikes out swinging
|
|
Batting: LHB Danny de Leon
|
0-0: Ground out 1-3 (Groundball, 13S, EV 68.8 MPH)
|
| Bottom of the 2nd over - 0 runs, 0 hits, 0 errors, 0 left on base; Mahoning Valley 1 - Staten Island 1 |
| TOP OF THE 3RD |
|
Mahoning Valley Scrappers batting - Pitching for Staten Island Yankees : RHP Nick Peters
|
|
Batting: RHB Jose Argueta
|
0-0: Ball 1-0: Foul Ball, location: 2F 1-1: Foul Ball, location: 2F 1-2: SINGLE (Groundball, 6, EV 105.0 MPH)
|
|
Batting: RHB John Shaffer
|
0-0: Swinging Strike 0-1: Fly out, F7 (Line Drive, 7, EV 100.6 MPH)
|
|
Batting: LHB Dave Key
|
0-0: Foul Ball, location: 2F 0-1: Ball 1-1: Grounds into double play, 5-4-3 (Groundball, 56, EV 96.2 MPH)
|
| Top of the 3rd over - 0 runs, 1 hit, 0 errors, 0 left on base; Mahoning Valley 1 - Staten Island 1 |
| BOTTOM OF THE 3RD |
|
Staten Island Yankees batting - Pitching for Mahoning Valley Scrappers : RHP Steven Costanza
|
|
Batting: RHB Jesus Ruiz
|
0-0: Ball 1-0: Ball 2-0: Fly out, F5 (Line Drive, 5L, EV 71.2 MPH)
|
|
Batting: RHB Norimoto Miyanishi
|
0-0: Called Strike 0-1: Called Strike 0-2: Ball 1-2: Ball 2-2: Ball 3-2: Strikes out looking
|
|
Batting: LHB Dario Segura
|
0-0: Foul Ball, location: 2F 0-1: Ground out 5-3 (Groundball, 56, EV 103.1 MPH)
|
| Bottom of the 3rd over - 0 runs, 0 hits, 0 errors, 0 left on base; Mahoning Valley 1 - Staten Island 1 |
| TOP OF THE 4TH |
|
Mahoning Valley Scrappers batting - Pitching for Staten Island Yankees : RHP Nick Peters
|
|
Batting: RHB Eric Kuck
|
0-0: Called Strike 0-1: Foul Ball, location: 2F 0-2: Ball 1-2: Foul Ball, location: 2F 1-2: Foul Ball, location: 2F 1-2: Foul Ball, location: 2F 1-2: Ball 2-2: Ball 3-2: SINGLE (Groundball, 6MD, EV 93.8 MPH)
|
|
Batting: RHB Ricky Cordova
|
0-0: Ball 1-0: Ball 2-0: Foul Ball, location: 2F 2-1: Swinging Strike 2-2: SINGLE (Groundball, 56S, EV 66.2 MPH) (infield hit) Eric Kuck to second
|
|
Batting: RHB Jonathan Livingston
|
0-0: Foul Ball, location: 2F 0-1: Foul Ball, location: 2F 0-2: Strikes out looking
|
|
Batting: RHB Aaron Stout
|
0-0: Swinging Strike 0-1: Ball 1-1: Fielders Choice at 2nd, 1-6 (Groundball, 13S, EV 75.0 MPH) Eric Kuck to third
|
|
Batting: RHB Juan Ordonez
|
0-0: Called Strike 0-1: Fly out, F8 (Flyball, 8RXD, EV 106.2 MPH)
|
| Top of the 4th over - 0 runs, 2 hits, 0 errors, 2 left on base; Mahoning Valley 1 - Staten Island 1 |
| BOTTOM OF THE 4TH |
|
Staten Island Yankees batting - Pitching for Mahoning Valley Scrappers : RHP Steven Costanza
|
|
Batting: RHB Pat Pemberton
|
0-0: Ball 1-0: Fly out, F9 (Line Drive, 9D, EV 95.6 MPH)
|
|
Batting: SHB Tadaaki Kondo
|
0-0: Foul Ball, location: 2F 0-1: Foul Ball, location: 2F 0-2: Ball 1-2: Strikes out swinging
|
|
Batting: LHB Mike Schermerhorn
|
0-0: Ball 1-0: Ball 2-0: Swinging Strike 2-1: Foul Ball, location: 2F 2-2: Strikes out swinging
|
| Bottom of the 4th over - 0 runs, 0 hits, 0 errors, 0 left on base; Mahoning Valley 1 - Staten Island 1 |
| TOP OF THE 5TH |
|
Mahoning Valley Scrappers batting - Pitching for Staten Island Yankees : RHP Nick Peters
|
|
Batting: RHB Leo Candelas
|
0-0: Ball 1-0: Ball 2-0: Ball 3-0: Called Strike 3-1: Called Strike 3-2: SINGLE (Groundball, P, EV 85.0 MPH) (infield hit)
|
|
Batting: RHB Jose Argueta
|
0-0: Ball Leo Candelas steals 2nd base 1-0: SINGLE (Line Drive, 34, EV 98.1 MPH) Leo Candelas to third Runner from 3rd tries for Home, SAFE, throw by RF to home Jose Argueta to second
|
|
Batting: RHB John Shaffer
|
0-0: Ball 1-0: Foul Ball, location: 2F 1-1: Fly out, F8 (Line Drive, 8RD, EV 95.0 MPH)
|
|
Batting: LHB Dave Key
|
0-0: Called Strike 0-1: SINGLE (Line Drive, 8LS, EV 89.4 MPH) Jose Argueta to third
|
|
Batting: RHB Eric Kuck
|
0-0: Foul Ball, location: 2F 0-1: Swinging Strike 0-2: Foul Ball, location: 2F 0-2: Foul Ball, location: 2F 0-2: Foul Ball, location: 2F 0-2: Ball 1-2: SINGLE (Flyball, 9LS, EV 91.2 MPH) Jose Argueta scores Dave Key to second Runner from 2nd tries for 3rd, SAFE, throw by RF made to third
|
|
Batting: RHB Ricky Cordova
|
0-0: Called Strike 0-1: Ground out 5-3 (Groundball, 6S, EV 68.8 MPH) Eric Kuck to second
|
|
Batting: RHB Jonathan Livingston
|
0-0: Ball 1-0: Ball 2-0: Ball 3-0: Base on Balls
|
|
Batting: RHB Aaron Stout
|
0-0: Swinging Strike 0-1: Ball 1-1: Ball 2-1: Swinging Strike 2-2: Ball 3-2: Strikes out swinging
|
| Top of the 5th over - 2 runs, 4 hits, 0 errors, 3 left on base; Mahoning Valley 3 - Staten Island 1 |
| BOTTOM OF THE 5TH |
|
Staten Island Yankees batting - Pitching for Mahoning Valley Scrappers : RHP Steven Costanza
|
|
Batting: RHB Brad Wren
|
0-0: Foul Ball, location: 2F 0-1: Ball 1-1: Ball 2-1: Swinging Strike 2-2: Ball 3-2: Strikes out looking
|
|
Batting: RHB Edite Leoni
|
0-0: Called Strike 0-1: Ball 1-1: Ground out 5-3 (Groundball, 5, EV 102.5 MPH)
|
|
Batting: LHB Danny de Leon
|
0-0: Foul Ball, location: 2F 0-1: Ball 1-1: Ball 2-1: Reached on error, E6 (Groundball, 6, EV 101.2 MPH)
|
|
Batting: RHB Jesus Ruiz
|
0-0: Ball Wild Pitch! Danny de Leon to second 1-0: Foul Ball, location: 2F 1-1: SINGLE (Line Drive, 8RS, EV 106.9 MPH) Danny de Leon to third Runner from 3rd tries for Home, SAFE, throw by CF to home
|
|
Batting: RHB Norimoto Miyanishi
|
0-0: Ground out 5-3 (Groundball, 56S, EV 89.4 MPH)
|
| Bottom of the 5th over - 1 run, 1 hit, 1 error, 1 left on base; Mahoning Valley 3 - Staten Island 2 |
| TOP OF THE 6TH |
|
Mahoning Valley Scrappers batting - Pitching for Staten Island Yankees : RHP Nick Peters
|
|
Pitching: RHP Jake Bryant
|
|
|
Batting: RHB Juan Ordonez
|
0-0: Ball 1-0: Called Strike 1-1: Called Strike 1-2: Strikes out swinging
|
|
Batting: RHB Leo Candelas
|
0-0: Ball 1-0: Ball 2-0: SINGLE (Groundball, 56S, EV 67.5 MPH) (infield hit)
|
|
Batting: RHB Jose Argueta
|
0-0: Ball Leo Candelas steals 2nd base (no throw) 1-0: Called Strike 1-1: Foul Ball, location: 2F 1-2: Ball 2-2: Strikes out swinging
|
|
Batting: RHB John Shaffer
|
0-0: Ball 1-0: Ball 2-0: Called Strike 2-1: Ball 3-1: Foul Ball, location: 2F 3-2: Base on Balls
|
|
Batting: LHB Dave Key
|
0-0: Ball 1-0: Ball 2-0: Ball 3-0: Called Strike 3-1: 3-RUN HOME RUN (Flyball, 7D, EV 102.5 MPH), Distance : 375 ft
|
|
Pitching: RHP Nate LaCava
|
|
|
Batting: RHB Eric Kuck
|
0-0: SINGLE (Line Drive, 4D, EV 97.5 MPH)
|
|
Batting: RHB Ricky Cordova
|
0-0: SINGLE (Flyball, 6MD, EV 88.8 MPH) Eric Kuck to second
|
|
Batting: RHB Jonathan Livingston
|
0-0: Ball 1-0: Ball 2-0: Foul Ball, location: 2F 2-1: Swinging Strike 2-2: Foul Ball, location: 2F 2-2: Ball Wild Pitch! Eric Kuck to third Ricky Cordova to second 3-2: Strikes out swinging
|
| Top of the 6th over - 3 runs, 4 hits, 0 errors, 2 left on base; Mahoning Valley 6 - Staten Island 2 |
| BOTTOM OF THE 6TH |
|
Staten Island Yankees batting - Pitching for Mahoning Valley Scrappers : RHP Steven Costanza
|
|
Batting: LHB Dario Segura
|
0-0: Called Strike 0-1: Called Strike 0-2: Ball 1-2: DOUBLE (Groundball, 3L, EV 104.4 MPH)
|
|
Batting: RHB Pat Pemberton
|
0-0: Ball 1-0: Swinging Strike 1-1: Foul Ball, location: 2F 1-2: Foul Ball, location: 2F 1-2: Strikes out swinging
|
|
Batting: SHB Tadaaki Kondo
|
0-0: Called Strike 0-1: Called Strike 0-2: Fly out, F9 (Line Drive, 89D, EV 92.5 MPH)
|
|
Batting: LHB Mike Schermerhorn
|
0-0: Ball 1-0: Ball 2-0: Ball Passed Ball! Dario Segura to third 3-0: Base on Balls
|
|
Batting: RHB Brad Wren
|
0-0: Ball 1-0: Ball 2-0: Ball 3-0: Called Strike 3-1: Foul Ball, location: 2F 3-2: Base on Balls Mike Schermerhorn to second
|
|
Batting: RHB Edite Leoni
|
0-0: Ball 1-0: Foul Ball, location: 2F 1-1: SINGLE (Groundball, 4MS, EV 68.1 MPH) (infield hit) Dario Segura scores Mike Schermerhorn to third Brad Wren to second
|
|
Batting: LHB Danny de Leon
|
0-0: Ball 1-0: Ball 2-0: Foul Ball, location: 2F 2-1: Foul Ball, location: 2F 2-2: Reached on error, E4 (Groundball, 4S, EV 91.2 MPH) Mike Schermerhorn scores Brad Wren to third Edite Leoni to second
|
|
Batting: RHB Jesus Ruiz
|
0-0: SINGLE (Line Drive, 7S, EV 111.2 MPH) Brad Wren scores Edite Leoni to third Danny de Leon to second Runner from 3rd tries for Home, SAFE, throw by LF to home
|
|
Pitching: RHP Jose Guajardo
|
|
|
Batting: RHB Norimoto Miyanishi
|
0-0: Swinging Strike 0-1: TRIPLE (Flyball, 89XD, EV 103.1 MPH) Danny de Leon scores Jesus Ruiz scores
|
|
Batting: LHB Dario Segura
|
0-0: Fly out, F7 (Line Drive, 78D, EV 109.4 MPH)
|
| Bottom of the 6th over - 6 runs, 4 hits, 1 error, 1 left on base; Mahoning Valley 6 - Staten Island 8 |
| TOP OF THE 7TH |
|
Mahoning Valley Scrappers batting - Pitching for Staten Island Yankees : RHP Nate LaCava
|
|
Batting: RHB Aaron Stout
|
0-0: Called Strike 0-1: Ball 1-1: Called Strike 1-2: Ground out U3 (Groundball, 34, EV 103.1 MPH)
|
|
Pinch Hitting: RHB Kevin Wiles
|
0-0: Ground out 1-3 (Groundball, 13S, EV 67.5 MPH)
|
|
Batting: RHB Leo Candelas
|
0-0: Fly out, F9 (Flyball, 9D, EV 103.1 MPH)
|
| Top of the 7th over - 0 runs, 0 hits, 0 errors, 0 left on base; Mahoning Valley 6 - Staten Island 8 |
| BOTTOM OF THE 7TH |
|
Staten Island Yankees batting - Pitching for Mahoning Valley Scrappers : RHP Jose Guajardo
|
|
Now in CF: Ricky Cordova
|
|
|
Now in RF: Jaquan Brown
|
|
|
Batting: RHB Pat Pemberton
|
0-0: Called Strike 0-1: Swinging Strike 0-2: Strikes out looking
|
|
Batting: SHB Tadaaki Kondo
|
0-0: Ball 1-0: Swinging Strike 1-1: Swinging Strike 1-2: Foul Ball, location: 2F 1-2: Foul Ball, location: 2F 1-2: Fly out, F7 (Flyball, 7, EV 91.9 MPH)
|
|
Batting: LHB Mike Schermerhorn
|
0-0: Ball 1-0: Ball 2-0: Ball 3-0: Called Strike 3-1: Foul Ball, location: 2F 3-2: Foul Ball, location: 2F 3-2: Fly out, F8 (Flyball, 8LS, EV 76.2 MPH)
|
| Bottom of the 7th over - 0 runs, 0 hits, 0 errors, 0 left on base; Mahoning Valley 6 - Staten Island 8 |
| TOP OF THE 8TH |
|
Mahoning Valley Scrappers batting - Pitching for Staten Island Yankees : RHP Nate LaCava
|
|
Batting: RHB Jose Argueta
|
0-0: Ground out 3-1 (Groundball, 34, EV 79.4 MPH)
|
|
Pitching: LHP Loo Lei
|
|
|
Batting: RHB John Shaffer
|
0-0: Called Strike 0-1: SOLO HOME RUN (Flyball, 78XD, EV 103.1 MPH), Distance : 413 ft
|
|
Pinch Hitting: RHB Nick Gossman
|
0-0: Ball 1-0: Fly out, F4 (Popup, 34S, EV 79.4 MPH)
|
|
Batting: RHB Eric Kuck
|
0-0: Ball 1-0: Ball 2-0: Called Strike 2-1: Called Strike 2-2: Foul Ball, location: 2F 2-2: Foul Ball, location: 2F 2-2: Ball 3-2: Base on Balls
|
|
Batting: RHB Ricky Cordova
|
0-0: Called Strike 0-1: Ball 1-1: Foul Ball, location: 2F 1-2: Ball 2-2: Ball 3-2: Foul Ball, location: 2F 3-2: SINGLE (Groundball, 56D, EV 109.4 MPH) Eric Kuck to second Eric Kuck to third
|
|
Batting: RHB Jonathan Livingston
|
0-0: Called Strike 0-1: Ball 1-1: Swinging Strike 1-2: Foul Ball, location: 2F 1-2: Ball 2-2: Foul Ball, location: 2F 2-2: Ball Wild Pitch! Eric Kuck scores Ricky Cordova to second 3-2: Base on Balls
|
|
Batting: RHB Aaron Stout
|
0-0: DOUBLE (Line Drive, 7LS, EV 92.5 MPH) Ricky Cordova scores Jonathan Livingston to third Runner from 3rd tries for Home, throw by LF and OUT! 7-2
|
| Top of the 8th over - 3 runs, 3 hits, 0 errors, 1 left on base; Mahoning Valley 9 - Staten Island 8 |
| BOTTOM OF THE 8TH |
|
Staten Island Yankees batting - Pitching for Mahoning Valley Scrappers : RHP Jose Guajardo
|
|
Now at 3B: Gary Ming
|
|
|
Batting: RHB Brad Wren
|
0-0: Ball 1-0: Called Strike 1-1: Foul Ball, location: 2F 1-2: Ground out 6-3 (Groundball, 56S, EV 80.0 MPH)
|
|
Batting: RHB Edite Leoni
|
0-0: Called Strike 0-1: Fly out, F8 (Flyball, 8RD, EV 75.0 MPH)
|
|
Batting: LHB Danny de Leon
|
0-0: SINGLE (Line Drive, 8RM, EV 98.8 MPH)
|
|
Batting: RHB Jesus Ruiz
|
0-0: Called Strike 0-1: Ball 1-1: Ball 2-1: SINGLE (Line Drive, 8LM, EV 85.6 MPH) Danny de Leon to second
|
|
Batting: RHB Norimoto Miyanishi
|
0-0: DOUBLE (Line Drive, 78M, EV 93.8 MPH) Danny de Leon scores Jesus Ruiz to third Runner from 3rd tries for Home, SAFE, no throw by CF
|
|
Batting: LHB Dario Segura
|
0-0: Ball 1-0: Swinging Strike 1-1: Foul Ball, location: 2F 1-2: Foul Ball, location: 2F 1-2: Ground out 4-3 (Groundball, 4D, EV 86.9 MPH)
|
| Bottom of the 8th over - 2 runs, 3 hits, 0 errors, 1 left on base; Mahoning Valley 9 - Staten Island 10 |
| TOP OF THE 9TH |
|
Mahoning Valley Scrappers batting - Pitching for Staten Island Yankees : LHP Loo Lei
|
|
Now at 1B: Daniel Underhay
|
|
|
Now in RF: Jon Pierce
|
|
|
Batting: RHB Jaquan Brown
|
0-0: Called Strike 0-1: Swinging Strike 0-2: Foul Ball, location: 2F 0-2: Foul Ball, location: 2F 0-2: Strikes out swinging
|
|
Batting: RHB Leo Candelas
|
0-0: Ball 1-0: Ball 2-0: Foul Ball, location: 2F 2-1: Called Strike 2-2: Ball 3-2: Reached on error, E6 (Groundball, 6, EV 110.0 MPH)
|
|
Batting: RHB Jose Argueta
|
0-0: Called Strike 0-1: Ball 1-1: Ball 2-1: Ball 3-1: Fielders Choice at 2nd, 6-4 (Groundball, 6, EV 95.6 MPH)
|
|
Batting: RHB John Shaffer
|
0-0: Called Strike 0-1: Ball 1-1: Ball 2-1: Ball 3-1: Foul Ball, location: 2F 3-2: Foul Ball, location: 2F 3-2: Base on Balls Jose Argueta to second
|
|
Pitching: RHP Kenny Samuels
|
|
|
Pinch Hitting: LHB Matt Steinke
|
0-0: Ball 1-0: Swinging Strike 1-1: Swinging Strike 1-2: Ball 2-2: Strikes out swinging
|
| Top of the 9th over - 0 runs, 0 hits, 1 error, 2 left on base; Mahoning Valley 9 - Staten Island 10 |
|